Map: Lightshade LE

Players

A.I. 1 (Easy)

  • Race: Terran Terran

Eleven - Winner!

  • Race: Zerg Zerg
  • League: Diamond

VOD

Have the link to the VOD?

Description

Time

  • Played on: Oct. 18, 2021, 7:51 p.m.
  • Length: 10:23
Show
View Real Time Build Order
Export as new Build Order

A.I. 1 (Easy) Terran 

Build Orders:  

Get SALT Encoding   

  12  0:00  SCV  
  13  0:13  SCV  
  14  0:18  Supply Depot  
  14  0:25  SCV  
  15  0:40  SCV  
  16  0:43  Barracks  
  16  0:45  Refinery  
  16  1:10  Supply Depot  
  16  1:19  Refinery  
  16  1:30  Marine  
  16  1:31  Orbital Command  
  17  1:48  Barracks Tech Lab  
  17  2:07  Marine  
  18  2:12  SCV, Supply Depot  
  19  2:24  SCV  
  20  2:31  Marine  
  20  2:36  SCV  
  22  2:48  SCV  
  23  2:54  Marine  
  24  3:00  SCV  
  25  3:13  SCV  
  25  3:18  Marauder  
  28  3:42  Marauder  
  30  4:06  Marauder  
  32  4:14  SCV  
  32  6:46  Marine, SCV  
  34  6:48  Supply Depot  
  34  6:51  Factory  
  34  6:54  Command Center  
  34  7:03  SCV  
  34  7:04  Marine  
  36  7:11  Supply Depot  
  36  7:22  Marine  
  27  7:39  Marine  
  27  7:40  Starport  
  28  7:57  Marine  
  29  8:07  SCV  
  29  8:10  Refinery  
  29  8:12  SCV  
  31  8:15  Marine, Refinery  
  31  8:18  Starport Tech Lab  
  31  8:19  SCV  
  33  8:24  SCV  
  34  8:31  SCV  
  34  8:33  Marine  
  36  8:36  SCV  
  36  8:37  Raven  
  39  8:43  SCV  
  39  8:48  SCV  
  41  8:51  Marine  
  42  8:55  SCV  
  42  9:00  SCV  
  44  9:07  SCV  
  44  9:09  Marauder  
  47  9:12  SCV  
  48  9:19  Raven  
  48  9:20  SCV  
  51  9:24  SCV  
  51  9:30  Marauder  
  54  9:32  SCV  
  54  9:36  SCV  
  49  9:42  Hellion  
  49  9:44  SCV  
  46  9:47  Supply Depot  
  30  9:56  SCV  
  27  10:03  Supply Depot  
  20  10:08  SCV  
Show
View Real Time Build Order
Export as new Build Order

Eleven Zerg - Winner!

Build Orders: Hatch First 

Get SALT Encoding   

  12  0:00  Drone  
  13  0:12  Overlord  
  13  0:16  Drone  
  14  0:31  Drone x2  
  16  0:50  Hatchery  
  16  0:52  Drone  
  16  0:55  Drone  
  17  0:59  Drone  
  18  1:09  Extractor  
  17  1:15  Spawning Pool  
  17  1:17  Drone  
  17  1:21  Drone  
  18  1:28  Drone  
  19  1:43  Drone  
  20  1:50  Drone  
  21  2:03  Queen x2  
  21  2:04  Zergling x4  
  27  2:13  Overlord  
  27  2:14  Drone  
  28  2:33  Hatchery  
  27  2:39  Drone x2  
  27  2:40  Overlord  
  27  2:41  Metabolic Boost  
  27  2:44  Drone  
  30  2:47  Drone  
  31  2:53  Queen  
  33  2:58  Drone  
  33  2:59  Drone  
  33  3:01  Drone  
  36  3:08  Drone x2  
  38  3:13  Drone x3  
  38  3:18  Overlord  
  41  3:22  Overlord  
  41  3:30  Drone x2  
  43  3:36  Lair  
  43  3:38  Queen  
  45  3:42  Drone x2  
  45  3:47  Queen  
  49  3:54  Baneling Nest  
  48  3:58  Drone x4  
  48  3:59  Drone  
  53  4:09  Roach Warren  
  52  4:12  Drone x5  
  57  4:27  Drone x2  
  57  4:28  Drone  
  57  4:29  Drone x6  
  66  4:35  Overlord  
  66  4:37  Overlord  
  66  4:44  Overlord  
  66  4:48  Extractor x2  
  66  4:52  Drone x2  
  66  4:55  Drone x3  
  66  4:57  Roach x6  
  81  5:03  Roach  
  83  5:09  Evolution Chamber  
  82  5:14  Evolution Chamber  
  82  5:15  Roach x2  
  82  5:20  Drone  
  86  5:25  Roach, Drone  
  86  5:26  Overlord  
  86  5:27  Overlord x3  
  89  5:40  Hatchery  
  88  5:46  Glial Reconstitution  
  88  5:49  Zerg Missile Weapons Level 1  
  88  5:51  Drone  
  88  5:52  Drone x2  
  88  5:53  Drone x3  
  88  5:55  Extractor  
  88  5:56  Drone x3  
  88  5:57  Extractor, Drone x3  
  95  5:59  Extractor  
  95  6:01  Drone  
  95  6:03  Hatchery, Roach x4  
  105  6:18  Roach x6  
  117  6:42  Zerg Melee Weapons Level 1  
  117  6:50  Hydralisk Den, Roach  
  117  6:51  Roach x2  
  117  6:52  Drone x7, Infestation Pit  
  117  6:53  Overlord  
  128  6:54  Overlord x4  
  128  7:15  Roach x11  
  150  7:21  Hatchery  
  147  7:23  Hatchery, Drone x6  
  150  7:31  Lurker Den  
  150  7:33  Hive  
  149  7:37  Centrifical Hooks  
  149  7:40  Drone x9  
  158  7:48  Roach x3  
  164  8:06  Extractor, Drone x2  
  164  8:07  Extractor, Drone x3  
  164  8:09  Overlord x3  
  164  8:11  Muscular Augments  
  167  8:26  Drone  
  167  8:27  Drone x3  
  170  8:28  Drone x2  
  170  8:30  Zergling x22  
  170  8:31  Ravager  
  170  8:32  Extractor, Ravager x7  
  191  8:35  Extractor  
  190  8:48  Baneling x8  
  190  8:56  Roach x5  
  200  9:24  Adaptive Talons  
  194  9:59  Hydralisk x3  
  196  10:04  Spire  
  198  10:10  Spire  
Tags
 
Add a new tag
Caveats
  • Supply blocks, unpowered buildings, or Contaminate may cause inaccurate times.
  • Supply counts are checked every 10 seconds.